[Event "Titled Tuesday Blitz October 25 Late 2022"]
[White "Aghasiyev, Kamal"]
[Black "Celestino, Rafael Teixeira"]
[WhiteFideId "13402854"]
[BlackFideId "2108925"]
[WhiteElo "2341"]
[BlackElo "2451"]
[Result "1-0"]
[Round "06"]
[TimeControl "180+1"]
[Date "2022.10.26"]
[WhiteClock "0:00:45"]
[BlackClock "0:00:12"]

1. d4 Nf6 2. c4 e6 3. Nc3 d5 4. cxd5 exd5 5. Bg5 Bb4 6. e3 h6 7. Bh4 g5 8. Bg3 Ne4 9. Rc1 c5 10. dxc5 Qf6 11. Bb5+ Nc6 12. Ne2 O-O 13. O-O Nxc3 14. Nxc3 Bxc3 15. Rxc3 Be6 16. Bd6 Rfd8 17. f4 g4 18. f5 Bd7 19. Qxd5 a6 20. Be2 h5 21. Bc7 Re8 22. Qxd7 Re7 23. Qd6 Qg5 24. Qf4 Qf6 25. Bd6 Ree8 26. Bc4 Rad8 27. Bd5 Nb4 28. e4 b6 29. e5 Qg7 30. Qxb4 bxc5 31. Qxc5 h4 32. Rb3 Rc8 33. Qd4 g3 34. Qxh4 gxh2+ 35. Kxh2 Qh7 36. Rg3+ Kh8 37. Qxh7+ Kxh7 38. Rh1 Re6 39. fxe6 Rc1 40. Be4+ Kh6 41. Bf8+ Kh5 42. Rxc1 fxe6 43. Rc7 1-0


[Site "https://www.chess.com"]

[Event "Titled Tuesday Blitz October 25 Late 2022"]
[White "Almedina Ortiz, Edgardo J."]
[Black "Koutlas, Nikolaos"]
[WhiteFideId "3100197"]
[BlackFideId "25827138"]
[WhiteElo "2217"]
[BlackElo "2167"]
[Result "0-1"]
[Round "06"]
[TimeControl "180+1"]
[Date "2022.10.26"]
[WhiteClock "0:00:29"]
[BlackClock "0:01:04"]

1. d4 Nf6 2. Bf4 c5 3. d5 e6 4. c4 exd5 5. cxd5 d6 6. Nc3 g6 7. Nf3 Bg7 8. h3 O-O 9. e3 Na6 10. Be2 Nc7 11. O-O Rb8 12. a4 a6 13. a5 b5 14. axb6 Rxb6 15. Ra2 Re8 16. Nd2 Nfxd5 17. Nxd5 Nxd5 18. Nc4 Nxf4 19. exf4 Rc6 20. Bf3 Rc7 21. Qxd6 Rd7 22. Qb6 Qh4 23. Qxc5 Qxf4 24. Nb6 Bd4 25. Qc1 Qxc1 26. Rxc1 Bxb6 27. Bc6 Rc7 0-1


[Site "https://www.chess.com"]

[Event "Titled Tuesday Blitz October 25 Late 2022"]
[White "Amburgy, Ryan"]
[Black "Zhigalko, Sergei"]
[WhiteFideId "30924820"]
[BlackFideId "13502956"]
[WhiteElo "2121"]
[BlackElo "2662"]
[Result "0-1"]
[Round "06"]
[TimeControl "180+1"]
[Date "2022.10.26"]
[WhiteClock "0:00:19"]
[BlackClock "0:00:14"]

1. Nf3 d5 2. e3 Nf6 3. c4 e6 4. Nc3 b6 5. b3 Bb7 6. Bb2 Bd6 7. cxd5 exd5 8. Rc1 a6 9. Ne2 O-O 10. Ned4 Re8 11. Nf5 Bf8 12. Be2 g6 13. Ng3 Nbd7 14. O-O Bd6 15. d4 Qe7 16. Qc2 Rac8 17. Rfd1 c5 18. dxc5 bxc5 19. Qd2 d4 20. Bc4 Bxf3 21. gxf3 Ne5 22. Qe2 Nxc4 23. Rxc4 Nd5 24. Ne4 Bb8 25. Qf1 f5 26. Ng3 h5 27. exd4 h4 28. dxc5 Nf4 29. Rdd4 hxg3 30. Rxf4 gxh2+ 31. Kh1 Bxf4 32. Rxf4 Qg5 33. Rc4 Rcd8 34. Rc1 Qh5 35. c6 Qxf3+ 36. Qg2 Rd1+ 37. Rxd1 Qxd1+ 38. Kxh2 Kf7 39. c7 Qh5+ 40. Qh3 Qxh3+ 41. Kxh3 Ke6 42. Bd4 Kd7 43. Bb6 Re6 44. Ba5 Re2 45. b4 Rxf2 46. a4 Ra2 47. Kh4 Rxa4 48. Kg5 Rxa5 49. bxa5 Kxc7 50. Kxg6 f4 51. Kf5 f3 52. Ke5 f2 53. Kd5 f1=Q 54. Kc5 Qb5+ 55. Kd4 Qxa5 56. Kc4 Qb5+ 57. Kc3 Kb6 58. Kc2 a5 59. Kc3 Qb4+ 60. Kc2 Kb5 61. Kd3 a4 62. Ke2 Qb3 0-1


[Site "https://www.chess.com"]

[Event "Titled Tuesday Blitz October 25 Late 2022"]
[White "Andreikin, Dmitry"]
[Black "Kollars, Dmitrij"]
[WhiteFideId "4158814"]
[BlackFideId "12909572"]
[WhiteElo "2736"]
[BlackElo "2584"]
[Result "0-1"]
[Round "06"]
[TimeControl "180+1"]
[Date "2022.10.26"]
[WhiteClock "0:00:11"]
[BlackClock "0:00:11"]

1. c4 e5 2. Nc3 Nf6 3. Nf3 Nc6 4. e4 Bb4 5. d3 d6 6. a3 Bc5 7. b4 Bb6 8. Na4 Bd4 9. Nxd4 Nxd4 10. Nc3 O-O 11. Ne2 Ne6 12. g3 a6 13. Bg2 b5 14. O-O c5 15. f4 bxc4 16. dxc4 Bb7 17. Nc3 cxb4 18. axb4 Qb6+ 19. Kh1 Qxb4 20. Nd5 Bxd5 21. cxd5 Nc5 22. fxe5 Nfxe4 23. Ba3 Qc3 24. exd6 Nxd6 25. Qc1 Qxc1 26. Rfxc1 Ncb7 27. Rc6 Rfd8 28. Rb1 Nb5 29. Be7 Rd7 30. d6 h5 31. Rbc1 Ra7 32. Rc7 N7xd6 33. Rxa7 Rxa7 34. Bxd6 Nxd6 35. Rc6 Nb5 36. Bf1 Nc7 37. Bc4 Kf8 38. Kg2 a5 39. Kh3 a4 40. Kh4 g6 41. Kg5 Kg7 42. Kf4 a3 43. Ke5 a2 44. Bxa2 Rxa2 45. Rxc7 Rxh2 46. Kf4 Rf2+ 47. Ke3 Rf6 48. Rc5 Kh6 49. Ke2 Rf5 50. Rc4 Kg5 51. Rb4 Re5+ 52. Kf3 f5 53. Rb6 Rc5 54. Kg2 Rc4 55. Kh3 h4 0-1


[Site "https://www.chess.com"]

[Event "Titled Tuesday Blitz October 25 Late 2022"]
[White "Annaberdiyev, Babageldi"]
[Black "Souleidis, Georgios"]
[WhiteFideId "14000385"]
[BlackFideId "4206827"]
[WhiteElo "2332"]
[BlackElo "2401"]
[Result "1-0"]
[Round "06"]
[TimeControl "180+1"]
[Date "2022.10.26"]
[WhiteClock "0:01:14"]
[BlackClock "0:00:20"]

1. e4 c5 2. Nf3 e6 3. d3 d5 4. Nbd2 Nc6 5. g3 g6 6. Bg2 Bg7 7. O-O Nge7 8. Re1 O-O 9. e5 h6 10. h4 b6 11. c3 a5 12. Nf1 Ba6 13. N1h2 Qc7 14. Bf4 h5 15. Qd2 Nf5 16. g4 hxg4 17. Nxg4 Rfd8 18. h5 a4 19. Nf6+ Kf8 20. h6 Bh8 21. Ng5 a3 22. b3 Qc8 23. Ngh7+ Ke7 24. Bg5 Bxf6 25. Nxf6 Kf8 26. Bf3 Nce7 27. Kg2 Qc6 28. Rh1 Qb5 29. h7 Kg7 30. Nh5+ gxh5 31. Bf6+ 1-0


[Site "https://www.chess.com"]

[Event "Titled Tuesday Blitz October 25 Late 2022"]
[White "Ansh M Shah"]
[Black "Aldokhin, Ivan"]
[WhiteFideId "25033379"]
[BlackFideId "24115720"]
[WhiteElo "2084"]
[BlackElo "2313"]
[Result "0-1"]
[Round "06"]
[TimeControl "180+1"]
[Date "2022.10.26"]
[WhiteClock "0:00:06"]
[BlackClock "0:00:40"]

1. d4 Nf6 2. c4 g6 3. h4 Bg7 4. Nc3 d6 5. e4 O-O 6. Be2 e5 7. d5 c6 8. h5 cxd5 9. cxd5 Nbd7 10. Be3 Nc5 11. h6 Bh8 12. Bxc5 dxc5 13. Nf3 Ne8 14. Qb3 Nd6 15. Nb5 Nxe4 16. Rd1 a6 17. Nc3 Nd6 18. Na4 Qa5+ 19. Kf1 c4 20. Qc2 Bf5 21. Qc3 Qxa4 22. Nh4 Bd3 23. Re1 e4 24. Qd2 Qd7 25. Qf4 Rae8 26. Rh3 f5 27. Re3 Be5 28. Qg5 Bf6 29. Qg3 Bxh4 30. Qxh4 f4 31. Rh3 f3 32. gxf3 Nf5 33. Qg4 Ne3+ 34. fxe3 Qxg4 35. Rh2 Rxf3+ 36. Rf2 Rxf2+ 37. Kxf2 Rf8+ 38. Bf3 Rxf3# 0-1


[Site "https://www.chess.com"]

[Event "Titled Tuesday Blitz October 25 Late 2022"]
[White "Arabidze, Meri"]
[Black "Koellner, Ruben Gideon"]
[WhiteFideId "13604040"]
[BlackFideId "12993093"]
[WhiteElo "2403"]
[BlackElo "2303"]
[Result "0-1"]
[Round "06"]
[TimeControl "180+1"]
[Date "2022.10.26"]
[WhiteClock "0:00:01"]
[BlackClock "0:00:06"]

1. Nf3 d6 2. d4 Nf6 3. g3 Nbd7 4. Bg2 e5 5. O-O Be7 6. c4 O-O 7. Nc3 c6 8. b3 Qc7 9. Bb2 Re8 10. e4 Nf8 11. h3 Ng6 12. Re1 Bf8 13. Qc2 h6 14. Rad1 a5 15. Na4 Nd7 16. c5 dxc5 17. dxc5 Rb8 18. Rc1 Nf6 19. Bc3 Be6 20. Qd2 Red8 21. Bxa5 Qe7 22. Bxd8 Rxd8 23. Qc2 Ra8 24. Qb2 Nd7 25. Nd2 h5 26. h4 Qf6 27. Nc4 Nxc5 28. Nab6 Rd8 29. Bf1 Nd3 30. Bxd3 Rxd3 31. Qe2 Bc5 32. Kh2 Bg4 33. f3 Rxf3 34. Rf1 Nxh4 35. Nd7 Bxd7 0-1


[Site "https://www.chess.com"]

[Event "Titled Tuesday Blitz October 25 Late 2022"]
[White "Arbunic Castro, Giovanna"]
[Black "Bongo Akanga Ndjila, Barthelemy"]
[WhiteFideId "3400549"]
[BlackFideId "10609431"]
[WhiteElo "1842"]
[BlackElo "1768"]
[Result "1-0"]
[Round "06"]
[TimeControl "180+1"]
[Date "2022.10.26"]
[WhiteClock "0:00:38"]
[BlackClock "0:01:16"]

1. e4 c6 2. d4 d5 3. e5 Bf5 4. Nf3 e6 5. Be2 h6 6. a3 Ne7 7. Nbd2 Nd7 8. c4 Nb6 9. b4 dxc4 10. Bxc4 Nxc4 11. Nxc4 Nd5 12. O-O Be7 13. Bb2 O-O 14. Ne3 Nxe3 15. fxe3 Be4 16. Nd2 Qd5 17. Qg4 Bd3 18. Rf2 Bg5 19. Re1 Bf5 20. Qg3 Qa2 21. e4 Bg6 22. Nf3 Be7 23. h4 Qb3 24. Qg4 h5 25. Qf4 f6 26. d5 fxe5 27. Qxe5 Bf6 28. Qxe6+ Kh8 29. e5 Rae8 30. exf6 Rxe6 31. fxg7+ Kg8 32. gxf8=Q+ Kxf8 33. Rxe6 Kf7 34. Ng5+ Kg8 35. Rxg6# 1-0


[Site "https://www.chess.com"]

[Event "Titled Tuesday Blitz October 25 Late 2022"]
[White "Babazada, Khazar"]
[Black "Bruha, Nicholas"]
[WhiteFideId "13413554"]
[BlackFideId "30938988"]
[WhiteElo "2367"]
[BlackElo "2226"]
[Result "1-0"]
[Round "06"]
[TimeControl "180+1"]
[Date "2022.10.26"]
[WhiteClock "0:00:07"]
[BlackClock "0:00:12"]

1. c4 e6 2. Nf3 d5 3. b3 d4 4. g3 c5 5. Bg2 Nc6 6. O-O e5 7. e3 Bd6 8. exd4 exd4 9. d3 Nge7 10. Nbd2 O-O 11. Ne4 h6 12. Re1 Ng6 13. Nxd6 Qxd6 14. Nd2 b6 15. Ne4 Qc7 16. Qh5 Bb7 17. Bxh6 gxh6 18. Qxh6 Qe5 19. h4 Qg7 20. Qxg7+ Kxg7 21. Nd6 Nb4 22. Bxb7 Rad8 23. Nf5+ Kf6 24. g4 Nc2 25. Be4 Nxa1 26. Rxa1 Rh8 27. g5+ Ke5 28. Re1 Kf4 29. Nh6 Ne5 30. Bd5 f5 31. Rxe5 Kxe5 32. Nf7+ Kf4 33. Nxd8 Rxd8 34. g6 Rd7 35. Bf7 1-0


[Site "https://www.chess.com"]

[Event "Titled Tuesday Blitz October 25 Late 2022"]
[White "Baches Garcia, Guillermo"]
[Black "Szpar, Milosz"]
[WhiteFideId "2209764"]
[BlackFideId "1184989"]
[WhiteElo "2442"]
[BlackElo "2422"]
[Result "0-1"]
[Round "06"]
[TimeControl "180+1"]
[Date "2022.10.26"]
[WhiteClock "0:00:17"]
[BlackClock "0:00:40"]

1. e4 c5 2. Nf3 e6 3. c4 Nc6 4. d4 cxd4 5. Nxd4 Nf6 6. Nc3 Bb4 7. Nxc6 bxc6 8. Bd3 e5 9. O-O d6 10. Qe2 Bc5 11. Be3 Nd7 12. Rad1 O-O 13. Na4 Bxe3 14. Qxe3 Qe7 15. Rd2 Rd8 16. Rfd1 Nf8 17. Nc3 Ne6 18. Ne2 a5 19. b3 Nc5 20. h3 Be6 21. Bc2 h6 22. Nc3 Rab8 23. Kh2 Rd7 24. Rxd6 Rxd6 25. Qxc5 Rbd8 26. Qxe5 Rxd1 27. Bxd1 Qg5 28. Qxg5 hxg5 29. Be2 Rd2 30. Bf3 Rxf2 31. e5 Rc2 32. Na4 Rxa2 33. Bxc6 Re2 34. Nc5 Rxe5 35. Nxe6 fxe6 36. Kg3 Re3+ 37. Kg4 Rxb3 0-1


[Site "https://www.chess.com"]

[Event "Titled Tuesday Blitz October 25 Late 2022"]
[White "Ballester Llagaria, Luis Eduardo"]
[Black "Sarkar, Justin"]
[WhiteFideId "2297620"]
[BlackFideId "2010011"]
[WhiteElo "2344"]
[BlackElo "2250"]
[Result "1-0"]
[Round "06"]
[TimeControl "180+1"]
[Date "2022.10.26"]
[WhiteClock "0:02:40"]
[BlackClock "0:00:02"]

1. e4 e5 2. Nf3 Nc6 3. Bc4 Nf6 4. O-O Nxe4 5. Nc3 Nxc3 6. dxc3 f6 7. Nh4 g6 8. f4 Qe7 9. Kh1 d6 10. Qf3 e4 11. Qe2 f5 12. g3 Be6 13. Be3 Bxc4 14. Qxc4 O-O-O 15. Rfd1 Bg7 16. a4 Bf6 17. Ng2 g5 18. a5 a6 19. b4 h5 20. b5 Nb8 21. bxa6 Nxa6 22. Qd5 1-0


[Site "https://www.chess.com"]

[Event "Titled Tuesday Blitz October 25 Late 2022"]
[White "Barash, Anton"]
[Black "Boyer, Mahel"]
[WhiteFideId "30935229"]
[BlackFideId "45102422"]
[WhiteElo "2272"]
[BlackElo "2454"]
[Result "1/2-1/2"]
[Round "06"]
[TimeControl "180+1"]
[Date "2022.10.26"]
[WhiteClock "0:00:10"]
[BlackClock "0:00:39"]

1. e4 e5 2. Nc3 Nc6 3. f4 exf4 4. Nf3 g5 5. h4 g4 6. Ng5 Nh6 7. d4 f6 8. Nh3 Be7 9. Bxf4 Nf7 10. Qxg4 d5 11. Qh5 dxe4 12. Bc4 Rf8 13. O-O-O Na5 14. Bxf7+ Rxf7 15. Nxe4 c6 16. Rhe1 Kf8 17. Re3 Qd5 18. Qh6+ Kg8 19. Nxf6+ Rxf6 20. Rg3+ Kf7 21. Qg7+ Ke8 22. Bg5 Rf7 23. Qg8+ Rf8 24. Qxd5 cxd5 25. Re1 Nc6 26. Bxe7 Bxh3 27. Bxf8+ Kxf8 28. gxh3 Nxd4 29. Rf1+ Ke7 30. Rg7+ Kd6 31. Rxb7 Rg8 32. Rxh7 Rg2 33. c3 Ne2+ 34. Kb1 Ng3 35. Rh6+ Kc5 36. Re1 Ne4 37. Rh8 Nd2+ 38. Ka1 Nc4 39. b3 Na3 40. Rc8+ Kd6 41. Rc1 Nc2+ 42. Kb2 Nb4+ 43. Ka3 Nxa2 44. Ra1 Kd7 45. Ra8 Nxc3 46. Rxa7+ Kc6 47. h5 Nb5+ 48. Kb4 Nxa7 49. Rxa7 Rh2 50. h6 Rxh3 51. h7 Kb6 52. Rg7 Rh4+ 53. Kc3 Kb5 54. Kd3 Kb4 55. Rb7+ Kc5 56. b4+ Kc6 57. Rg7 Kb5 58. Rb7+ Ka4 59. b5 Ka5 60. b6 Ka6 61. Rb8 Rxh7 62. Kd4 Rh5 63. Rd8 Kxb6 64. Rxd5 Rh4+ 65. Ke5 Kc6 66. Rd1 Rh8 67. Rc1+ Kd7 68. Rf1 Ke7 69. Kd4 Ra8 70. Re1+ Kd6 71. Kc3 Kc5 72. Rh1 Ra3+ 73. Kd2 Rg3 74. Rh4 Rf3 75. Rg4 Kd5 76. Rh4 Rg3 77. Rf4 Ke5 78. Ra4 Rb3 79. Rc4 Kf5 80. Ra4 Rb5 81. Ke3 Ke5 82. Rh4 Rb3+ 83. Kd2 Rg3 84. Ke2 Kf5 85. Ra4 Rb3 86. Kd2 Ke6 87. Kc2 Rb6 88. Kd3 Kd6 89. Kd4 Kc6 90. Ra5 Rb4+ 91. Kc3 Rh4 92. Rg5 Rh6 93. Kc4 Rd6 94. Ra5 Re6 95. Rg5 Kd7 96. Ra5 Kd6 97. Ra6+ Ke5 98. Rxe6+ Kxe6 1/2-1/2


[Site "https://www.chess.com"]

[Event "Titled Tuesday Blitz October 25 Late 2022"]
[White "Barbero Sendic, Alejandro"]
[Black "Gedgafov, Chamal"]
[WhiteFideId "3001288"]
[BlackFideId "34130621"]
[WhiteElo "2314"]
[BlackElo "2067"]
[Result "1-0"]
[Round "06"]
[TimeControl "180+1"]
[Date "2022.10.26"]
[WhiteClock "0:00:48"]
[BlackClock "0:01:37"]

1. d4 d5 2. Nc3 e6 3. Bf4 c6 4. e4 dxe4 5. Nxe4 Nf6 6. Nxf6+ Qxf6 7. Qd2 a5 8. Nf3 Qd8 9. Bd3 Nd7 10. O-O Nf6 11. c4 a4 12. Rfe1 Qa5 13. Qc2 Be7 14. Re5 Qb4 15. Rae1 Bd6 16. Bd2 Qb6 17. c5 Qd8 18. cxd6 Qxd6 19. a3 Qd8 20. Bg5 h6 21. Bxf6 gxf6 22. R5e2 Qa5 23. h3 h5 24. Qc5 Qxc5 25. dxc5 Ra5 26. Rc1 Ke7 27. Nd4 Rd8 28. Nf5+ Kf8 29. Nd6 Ra7 30. Be4 f5 31. Bf3 h4 32. Rd2 Ke7 33. Rcd1 Rg8 34. Nxc8+ Rxc8 35. Rd7+ Kf6 36. Bh5 Rf8 37. Rc7 Ra5 38. Rxb7 Rxc5 39. Rdd7 Rc1+ 40. Kh2 Rc2 41. Rxf7+ Rxf7 42. Rxf7+ Ke5 43. Bd1 Rxb2 44. Bxa4 Ra2 45. Bxc6 Rxa3 46. Rh7 Ra2 47. Rxh4 Rxf2 48. Ra4 Rc2 49. Bf3 Kf6 50. Ra6 Rc1 51. Bd5 Re1 52. Rxe6+ Rxe6 53. Bxe6 Kxe6 54. Kg3 Kf7 55. Kf4 Kf6 56. h4 Kg6 57. h5+ Kxh5 58. Kxf5 Kh4 59. g4 1-0


[Site "https://www.chess.com"]

[Event "Titled Tuesday Blitz October 25 Late 2022"]
[White "Baskakov, Egor"]
[Black "Banzea, Alexandru-Bogdan"]
[WhiteFideId "24197866"]
[BlackFideId "1232622"]
[WhiteElo "2211"]
[BlackElo "2294"]
[Result "1/2-1/2"]
[Round "06"]
[TimeControl "180+1"]
[Date "2022.10.26"]
[WhiteClock "0:00:12"]
[BlackClock "0:00:05"]

1. e4 d5 2. exd5 c6 3. dxc6 Nxc6 4. Nf3 e5 5. Nc3 Nf6 6. Bb5 Bd6 7. d4 exd4 8. Nxd4 O-O 9. Nxc6 bxc6 10. Be2 Bf5 11. O-O Qc7 12. h3 Rad8 13. Bd3 Bxd3 14. cxd3 Bh2+ 15. Kh1 Be5 16. Qf3 Nd5 17. Nxd5 Rxd5 18. Be3 Bxb2 19. Rab1 Bf6 20. Rfc1 Rfd8 21. g3 Rxd3 22. Rxc6 Qd7 23. Kg2 Bg5 24. Rc2 Bxe3 25. Rb7 Qe6 26. Re2 h6 27. Rxe3 Rxe3 28. Qxe3 Qxe3 29. fxe3 Rd2+ 30. Kf3 Rxa2 31. h4 h5 32. e4 g6 33. e5 a5 34. Rb8+ Kg7 35. Rb7 Kf8 36. Kf4 Rf2+ 37. Ke4 Ra2 38. Ra7 a4 39. e6 fxe6 40. Ke5 Rg2 41. Kf6 Ke8 42. Kxg6 Rxg3+ 43. Kxh5 a3 44. Kh6 e5 45. h5 e4 46. Kh7 Rb3 47. h6 e3 48. Kg7 e2 49. h7 Rg3+ 50. Kf6 Rh3 51. Re7+ Kd8 52. Rxe2 Rxh7 53. Ra2 Rh3 54. Ke5 Kc7 55. Kd4 Kb6 56. Kc4 Ka5 57. Re2 Ka4 58. Re8 Rh4+ 59. Kc3 Rh3+ 60. Kc4 Rh4+ 61. Kc3 Rh3+ 62. Kc4 1/2-1/2


[Site "https://www.chess.com"]

[Event "Titled Tuesday Blitz October 25 Late 2022"]
[White "Bayo Milagro, Alvaro"]
[Black "Yurtseven, Melih"]
[WhiteFideId "22275240"]
[BlackFideId "6312160"]
[WhiteElo "2270"]
[BlackElo "2218"]
[Result "1-0"]
[Round "06"]
[TimeControl "180+1"]
[Date "2022.10.26"]
[WhiteClock "0:01:12"]
[BlackClock "0:00:05"]

1. e4 c5 2. Nf3 Nc6 3. d4 cxd4 4. Nxd4 Nf6 5. Nc3 d6 6. Be2 e5 7. Nb3 Be7 8. O-O a5 9. a4 O-O 10. Kh1 Nb4 11. f4 Be6 12. f5 Bxb3 13. cxb3 d5 14. exd5 Nbxd5 15. Bc4 Nxc3 16. bxc3 Qxd1 17. Rxd1 Bc5 18. Bd2 Ng4 19. Be1 Rad8 20. Be2 Nf2+ 21. Bxf2 Bxf2 22. g4 Bb6 23. Kg2 Rxd1 24. Rxd1 Rd8 25. Rxd8+ Bxd8 26. Kf3 f6 27. Ke4 Bb6 28. Bc4+ Kf8 29. Bd5 Bg1 30. Bxb7 Bxh2 31. b4 Ke7 32. bxa5 Kd6 33. Kd3 Bg1 34. Kc4 g6 35. fxg6 hxg6 36. Be4 g5 37. Kb5 Kc7 38. a6 Bf2 39. a5 Bg1 40. c4 Kd6 41. a7 Bxa7 42. Ka6 Bd4 43. Kb7 Kc5 44. Bd3 Kb4 45. a6 Kc3 46. Bf1 e4 47. a7 Bxa7 48. Kxa7 Kd4 49. Kb6 f5 50. gxf5 Ke5 51. c5 g4 52. c6 g3 53. c7 e3 54. c8=Q 1-0


[Site "https://www.chess.com"]

[Event "Titled Tuesday Blitz October 25 Late 2022"]
[White "Bernat, David"]
[Black "Vasquez Garrido, Nuremberg"]
[WhiteFideId "2099225"]
[BlackFideId "4432118"]
[WhiteElo "2315"]
[BlackElo "2062"]
[Result "1-0"]
[Round "06"]
[TimeControl "180+1"]
[Date "2022.10.26"]
[WhiteClock "0:00:10"]
[BlackClock "0:00:08"]

1. c4 Nc6 2. Nc3 e5 3. g3 f5 4. Bg2 Nf6 5. e3 Be7 6. Nge2 O-O 7. O-O d6 8. d4 Kh8 9. b3 Qe8 10. Bb2 exd4 11. exd4 Qg6 12. Nf4 Qh6 13. Re1 Bd8 14. Bc1 g5 15. Ne6 Ng4 16. h3 Bxe6 17. hxg4 Bd7 18. gxf5 Bxf5 19. Ne4 Qg7 20. Bb2 Bg6 21. Qd2 h6 22. d5 Ne5 23. f4 gxf4 24. gxf4 Bxe4 25. fxe5 Bxg2 26. Qxg2 Qxg2+ 27. Kxg2 dxe5 28. Bxe5+ Bf6 29. Bxf6+ Rxf6 30. Re3 Rg8+ 31. Rg3 Rfg6 32. Rxg6 Rxg6+ 33. Kf3 Kg7 34. Re1 h5 35. Re7+ Kf6 36. Rxc7 h4 37. Rxb7 h3 38. Rh7 Ke5 39. Rxh3 Kd6 40. Rg3 Rf6+ 41. Ke4 Rf1 42. Kd4 Rd1+ 43. Rd3 Ra1 44. c5+ Kd7 45. Rd2 Rh1 46. Re2 Rh4+ 47. Re4 Rh2 48. c6+ Kd6 49. Re6+ Kc7 50. Re7+ Kb8 51. Rb7+ Ka8 52. Re7 a5 53. d6 a4 54. d7 Rd2+ 55. Kc5 axb3 56. axb3 Kb8 57. Kb6 Rd6 58. Re8# 1-0


[Site "https://www.chess.com"]

[Event "Titled Tuesday Blitz October 25 Late 2022"]
[White "Borisova, Ekaterina"]
[Black "Bogaudinov, Rushan"]
[WhiteFideId "34124184"]
[BlackFideId "4129288"]
[WhiteElo "2134"]
[BlackElo "1945"]
[Result "0-1"]
[Round "06"]
[TimeControl "180+1"]
[Date "2022.10.26"]
[WhiteClock "0:00:04"]
[BlackClock "0:00:17"]

1. d4 Nf6 2. c4 e6 3. Nc3 Be7 4. e4 O-O 5. Bd3 c5 6. d5 exd5 7. exd5 d6 8. Nge2 Bg4 9. f3 Bh5 10. Nf4 Bg6 11. Nxg6 hxg6 12. Bg5 Nbd7 13. Qc2 a6 14. O-O Ne5 15. Rae1 Re8 16. f4 Nxd3 17. Qxd3 b5 18. b3 bxc4 19. bxc4 Rb8 20. f5 gxf5 21. Rxf5 Nd7 22. Bxe7 Rxe7 23. Ne4 Nf8 24. Qg3 Ng6 25. h4 Rb4 26. h5 Rxc4 27. hxg6 Rcxe4 28. Rxe4 Rxe4 29. gxf7+ Kf8 30. Rh5 Qf6 31. Kh2 Kxf7 32. Rh3 Qe5 33. Qxe5 Rxe5 34. Ra3 Rxd5 35. Rxa6 Ke6 36. Kg3 g5 37. Ra8 Rd2 38. a4 c4 39. a5 Ra2 40. Kg4 d5 41. Kxg5 Ke5 42. g4 c3 43. a6 Kd4 44. a7 Kd3 45. Kf5 d4 46. g5 c2 47. Rc8 Rxa7 48. g6 Kd2 49. Kf6 d3 50. Rc6 c1=Q 51. Rxc1 Kxc1 52. g7 Rxg7 53. Kxg7 d2 0-1


[Site "https://www.chess.com"]

[Event "Titled Tuesday Blitz October 25 Late 2022"]
[White "Bortnyk, Olexandr"]
[Black "Rustemov, Alexander"]
[WhiteFideId "14120828"]
[BlackFideId "4119002"]
[WhiteElo "2723"]
[BlackElo "2791"]
[Result "0-1"]
[Round "06"]
[TimeControl "180+1"]
[Date "2022.10.26"]
[WhiteClock "0:00:02"]
[BlackClock "0:00:11"]

1. e4 e6 2. d4 d5 3. Nc3 Bb4 4. Qd3 dxe4 5. Qxe4 Nf6 6. Qh4 c5 7. dxc5 Bxc3+ 8. bxc3 Nbd7 9. Be3 Qc7 10. Nf3 Nxc5 11. Bd4 Ncd7 12. Bd3 e5 13. Qg3 O-O 14. O-O Nh5 15. Qh4 exd4 16. Qxh5 Nf6 17. Qh4 dxc3 18. Rfe1 h6 19. Re3 Be6 20. Ne5 Rfe8 21. h3 Bxa2 22. Rae1 Re6 23. f4 Rae8 24. Rg3 Kf8 25. Kh1 Bd5 26. Bf5 R6e7 27. Ree3 Qb6 28. Rxc3 Be4 29. Rxg7 Bxf5 30. Qxh6 Rxe5 31. Rgg3+ Ke7 32. fxe5 Ne4 33. Qh4+ Ke6 34. Rgf3 Qb1+ 35. Kh2 Rg8 0-1


[Site "https://www.chess.com"]

[Event "Titled Tuesday Blitz October 25 Late 2022"]
[White "Brown, Andrew"]
[Black "Czernek, Tymon"]
[WhiteFideId "3206513"]
[BlackFideId "1199510"]
[WhiteElo "2245"]
[BlackElo "2240"]
[Result "0-1"]
[Round "06"]
[TimeControl "180+1"]
[Date "2022.10.26"]
[WhiteClock "0:00:28"]
[BlackClock "0:01:41"]

1. d4 Nf6 2. c4 g6 3. Nc3 Bg7 4. e4 d6 5. Nf3 O-O 6. Be2 e5 7. Be3 Nc6 8. d5 Ne7 9. Nd2 Ne8 10. f3 f5 11. h4 f4 12. Bf2 c6 13. h5 cxd5 14. Nxd5 Nxd5 15. exd5 Bf5 16. Ne4 Nf6 17. Bd3 Nxh5 18. Bh4 Qa5+ 19. Kf2 Ng3 20. Bxg3 Qb6+ 21. Kf1 fxg3 22. Nxg3 Bxd3+ 23. Qxd3 Qxb2 24. Rb1 Qxa2 25. Ne4 Rac8 26. Rxb7 Rxc4 27. Qb1 Qxb1+ 0-1


[Site "https://www.chess.com"]

[Event "Titled Tuesday Blitz October 25 Late 2022"]
[White "Buchenau, Frank"]
[Black "Faizrakhmanov, Ramil"]
[WhiteFideId "4604350"]
[BlackFideId "24103209"]
[WhiteElo "2157"]
[BlackElo "2421"]
[Result "0-1"]
[Round "06"]
[TimeControl "180+1"]
[Date "2022.10.26"]
[WhiteClock "0:01:00"]
[BlackClock "0:01:05"]

1. e4 c6 2. Nf3 d5 3. Nc3 Bg4 4. d4 e6 5. Bd3 Nf6 6. O-O Bb4 7. e5 Bxc3 8. bxc3 Ne4 9. c4 O-O 10. h3 Bh5 11. Qe2 Nc3 12. Qe3 dxc4 13. Bxh7+ Kxh7 14. Qxc3 Bxf3 15. Qxf3 Qxd4 16. Qh5+ Kg8 17. Ba3 Re8 18. Rad1 Qe4 19. Rfe1 Qxc2 20. Re3 Qf5 21. Rd4 Qxh5 0-1


[Site "https://www.chess.com"]

[Event "Titled Tuesday Blitz October 25 Late 2022"]
[White "Camacho Campusano, David Daniel"]
[Black "Jimenez Fernandez, Rebeca"]
[WhiteFideId "6408885"]
[BlackFideId "32070934"]
[WhiteElo "2181"]
[BlackElo "1946"]
[Result "1-0"]
[Round "06"]
[TimeControl "180+1"]
[Date "2022.10.26"]
[WhiteClock "0:00:07"]
[BlackClock "0:00:01"]

1. e4 g6 2. d4 Bg7 3. Nc3 d6 4. f4 a6 5. Nf3 b5 6. a3 Bb7 7. Bd3 Nf6 8. O-O O-O 9. h3 Nbd7 10. e5 Nd5 11. Nxd5 Bxd5 12. c3 c5 13. Be3 dxe5 14. fxe5 cxd4 15. cxd4 Qb6 16. Rc1 Nxe5 17. Nxe5 Bxe5 18. dxe5 Qxe3+ 19. Rf2 Qxe5 20. Rc5 Rad8 21. Qe2 Qd4 22. Rc3 e5 23. Bc2 Bc4 24. Qf3 f5 25. Kh2 e4 26. Qf4 Qd6 27. Qxd6 Rxd6 28. b3 Bd3 29. Bxd3 Rxd3 30. Rc6 Rxb3 31. Rxa6 Rd8 32. Ra7 Rbd3 33. Rb2 R3d7 34. Ra5 Kf7 35. Raxb5 e3 36. Re2 Re8 37. Rb3 Rde7 38. Kg3 g5 39. Kf3 f4 40. g3 Re4 41. Rb7+ Kg6 42. Rb6+ Kg7 43. h4 Rd4 44. hxg5 Rd2 45. gxf4 Rxe2 46. Kxe2 Rf8 47. Kxe3 Ra8 48. Rb3 Ra4 49. Kf3 Kg6 50. Kg4 h5+ 51. Kg3 Kf5 52. Rb5+ Ke4 53. Re5+ Kd4 54. g6 Rxa3+ 55. Kh4 Ra6 56. Kg5 Rb6 57. g7 Rb8 58. Kg6 Rg8 59. Kf7 1-0


[Site "https://www.chess.com"]

[Event "Titled Tuesday Blitz October 25 Late 2022"]
[White "Caruana, Fabiano"]
[Black "Ozen, Bahadir"]
[WhiteFideId "2020009"]
[BlackFideId "6337058"]
[WhiteElo "2847"]
[BlackElo "2503"]
[Result "1/2-1/2"]
[Round "06"]
[TimeControl "180+1"]
[Date "2022.10.26"]
[WhiteClock "0:00:13"]
[BlackClock "0:00:08"]

1. c4 g6 2. Nc3 Bg7 3. g3 c5 4. Bg2 Nc6 5. Nf3 d6 6. O-O Nh6 7. b3 Nf5 8. Bb2 h5 9. h3 Bd7 10. e3 O-O 11. Qe2 a6 12. Rfd1 b5 13. d3 Rb8 14. Nd5 e5 15. Nd2 Nce7 16. Ne4 Nxd5 17. cxd5 Qe7 18. Rac1 b4 19. Nd2 h4 20. g4 Nh6 21. Nf3 f5 22. g5 Nf7 23. Nxh4 Qxg5 24. Nf3 Qh5 25. Re1 e4 26. Bxg7 exf3 27. Qxf3 Qxf3 28. Bxf3 Kxg7 29. d4 cxd4 30. exd4 Rbc8 31. Rc4 Bb5 32. Rxb4 Rfe8 33. Rxe8 Rxe8 34. a4 Re1+ 35. Kh2 Bd3 36. Rb6 Rf1 37. Kg2 Rb1 38. b4 Kf6 39. h4 Be4 40. Bxe4 fxe4 41. a5 Rb2 42. Kg3 Kf5 43. Rb7 Rb3+ 44. Kg2 Nh6 45. Rb6 Rb2 46. Kg3 Rb3+ 47. Kg2 Kf4 48. Rxd6 Nf5 49. Rxa6 Nxh4+ 50. Kh2 Rb2 51. Rf6+ Nf5 52. Kg1 Kg5 53. Re6 Rb1+ 54. Kh2 Kf4 55. a6 Nxd4 56. Rf6+ Ke5 57. Rxg6 Nf3+ 58. Kh3 Kf5 59. Rb6 Rh1+ 60. Kg2 Rg1+ 61. Kh3 Ng5+ 62. Kh2 Nf3+ 63. Kh3 Ra1 64. d6 Kf4 65. d7 Rh1+ 66. Kg2 Rg1+ 67. Kh3 Ng5+ 68. Kh2 Nf3+ 69. Kh3 Ng5+ 70. Kh2 Nf3+ 71. Kh3 1/2-1/2


[Site "https://www.chess.com"]